 Dungeon Crawl Stone Soup version 0.28-a0-1616-g050a50673c (webtiles) character file.

Game seed: 15422904437161995538

239 soggyman666 the Magician (level 6, 0/40 HPs)
             Began as a Djinni Hedge Wizard on Jan 22, 2022.
             Slain by a hound (3 damage)
             ... on level 3 of the Dungeon.
             The game lasted 00:14:11 (3716 turns).

soggyman666 the Magician (Djinni Hedge Wizard)      Turns: 3716, Time: 00:14:12

Health: 0/40       AC:  3    Str:  9    XL:     6   Next: 29%
Gold:   108        EV: 12    Int: 18    God:
                   SH:  0    Dex: 12

rFire   + + .      SeeInvis .   d - staff of conjuration
rCold   x . .      Faith    .   (no shield)
rNeg    . . .      Spirit   .   b - +0 robe
rPois   ∞          Reflect  .   c - +1 hat
rElec   .          Harm     .   (no cloak)
rCorr   .          Rampage  .   (no gloves)
Will    .....                   (boots unavailable)
Stlth   ++........              (no amulet)
HPRegen 0.13/turn               (no ring)
MPRegen 0.00/turn               (no ring)

@: on blink cooldown, flying
A: sickness immunity, fire resistance 2, cold vulnerability 1, float, innate
caster, hp casting, extra vitality 1
a: no special abilities


You were on level 3 of the Dungeon.
You visited 1 branch of the dungeon, and saw 3 of its levels.

You collected 108 gold pieces.

Inventory:

Armour
 b - a +0 robe (worn)
 c - a +1 hat (worn)
Magical Staves
 d - a staff of conjuration (weapon)
Scrolls
 a - a scroll of fog {unknown}
 f - a scroll of identify {unknown}
 g - a scroll of blinking {unknown}
Potions
 e - a potion of flight {unknown}


   Skills:
 + Level 2.4 Dodging
 + Level 2.2 Stealth
 + Level 4.8 Spellcasting


You couldn't memorise any spells.
You knew the following spells:

 Your Spells              Type           Power      Damage    Failure   Level
a - Magic Dart            Conj           100%       1d8       1%          1
b - Blink                 Tloc           42%        N/A       2%          2
c - Call Imp              Summ           21%        N/A       2%          2
d - Slow                  Hex            84%        N/A       1%          1
e - Conjure Flame         Conj/Fire      32%        6-21      5%          3
f - Mephitic Cloud        Conj/Pois/Air  32%        N/A       5%          3
g - Sting                 Tmut/Pois      84%        1d7       1%          1
h - Poisonous Vapours     Pois/Air       42%        N/A       2%          2
Your spell library was empty.

Dungeon Overview and Level Annotations

Branches:
Dungeon (3/15)

Altars:


Innate Abilities, Weirdness & Mutations

You are immune to sickness and miasma.
You are immune to poison.
Your flesh is very heat resistant. (rF++)
You are vulnerable to cold. (rC-)
You float through the air rather than walking.
You learn spells naturally, not from books.
Your magical power is your life essence.
You have superior vitality. (+4 MHP)


Message History

Aiming: Poisonous Vapours (safe; 2% risk of failure)
Press: ? - help, Dir - move target, f/p - hound
Aim: a hound (very poisoned) Poisonous vapours surround the hound!
The hound looks as sick as possible!
* * * LOW HITPOINT WARNING * * *
The hound closely misses you.
Your crimson imp barely misses the gnoll.
The gnoll closely misses your crimson imp.
The hound bites you.
* * * LOW HITPOINT WARNING * * *
The gnoll completely misses the adder.
Casting: Poisonous Vapours (safe; 2% risk of failure)
Confirm with . or Enter, or press ? or * to list all spells.
Aiming: Magic Dart (safe; 1% risk of failure)
Press: ? - help, Shift-Dir - straight line, f/p - hound
Aim: a hound (lightly wounded, extremely poisoned, 100% to hit)
You feel a surge of power!
The magic dart hits the hound.
The hound is heavily wounded.
* * * LOW HITPOINT WARNING * * *
You feel stable enough to blink again.
Your crimson imp blinks!
The hound barely misses you.
The gnoll completely misses your crimson imp.
Casting: Magic Dart (safe; 1% risk of failure)
Confirm with . or Enter, or press ? or * to list all spells.
You blink.
* * * LOW HITPOINT WARNING * * *
Unknown command.
Casting: Blink (safe; 2% risk of failure)
Confirm with . or Enter, or press ? or * to list all spells.
Okay, then.
Casting: Blink (safe; 2% risk of failure)
Confirm with . or Enter, or press ? or * to list all spells.
Aiming: Slow (safe; 1% risk of failure)
Press: ? - help, Shift-Dir - straight line, f/p - hound
Aim: a hound (severely wounded, extremely poisoned, ally target, chance to affect: 69%)
The hound struggles to resist.
* * * LOW HITPOINT WARNING * * *
The hound bites you.
You die...

..........##<# #......#
..........##.# #.#......+
..........##.# #.#......#
>..))..†.....# #.#......#
.)##.###.###.###.#......#
..##..........##.#......#
.###.......#..##.#......#
.# #.#######...#.#......#
.# #.##.####....@...#####
.# #............h##.# .#
####.#######.###.#
.######.#######.#######
.......................
.###.......####g#####.#
####.......# #..#
...........# ##.##
####.......# #).#


You could see a hound (very poisoned) and a gnoll (very poisoned).

Vanquished Creatures
  2 scorpions (D:3)
  Jessica (D:2)
  2 gnolls (D:3)
  An adder (D:2)
  A dart slug (D:3)
  4 ball pythons (D:2)
  4 bats
  7 endoplasms
  2 giant cockroaches
  5 goblins
  7 hobgoblins
  6 kobolds
  3 quokkas
  5 rats
50 creatures vanquished.

Vanquished Creatures (collateral kills)
  A worm (D:2)
  A hobgoblin (D:1)
  A kobold (D:1)
3 creatures vanquished.

Grand Total: 53 creatures vanquished

Notes
Turn   | Place    | Note
-------+----------+-------------------------------------------
     0 | D:1      | soggyman666 the Djinni Hedge Wizard began the quest for the
                  | Orb.
     0 | D:1      | Reached XP level 1. HP: 15/15 MP: 0/0
   366 | D:1      | Reached XP level 2. HP: 15/21 MP: 0/0
  1021 | D:1      | Reached skill level 3 in Spellcasting
  1399 | D:1      | Reached XP level 3. HP: 23/25 MP: 0/0
  1399 | D:1      | Learned a level 1 spell: Sting
  2059 | D:2      | Reached XP level 4. HP: 26/31 MP: 0/0
  2078 | D:2      | Noticed Jessica
  2093 | D:2      | Killed Jessica
  2710 | D:2      | Found a faded altar of an unknown god.
  3037 | D:3      | Noticed a scorpion
  3042 | D:3      | Killed a scorpion
  3043 | D:3      | Reached skill level 4 in Spellcasting
  3043 | D:3      | Reached XP level 5. HP: 29/35 MP: 0/0
  3043 | D:3      | Learned a level 2 spell: Poisonous Vapours
  3410 | D:3      | Reached XP level 6. HP: 25/40 MP: 0/0
  3716 | D:3      | Slain by a hound

Illustrated notes

Levels and vault maps discovered:
D:1:      sevenhm_arrival_forest_fort_small_3, layout_basic
D:2:      layout_basic, shapermc_ecumenical_altar_petra, uniq_jessica
D:3:      layout_basic

Skill      XL: |  1  2  3  4 |
---------------+-------------+-----
Spellcasting   | 3 4 |  4.8
Stealth        | 2 |  2.2
Dodging        | |  2.4

Action                   |  1- 3 |  4- 6 || total
-------------------------+-------+-------++-------
 Cast: Magic Dart        |    65 |    35 ||   100
       Slow              |     8 |     9 ||    17
       Call Imp          |     2 |     5 ||     7
       Sting             |     8 |     5 ||    13
       Blink             |       |     3 ||     3
       Poisonous Vapours |       |    24 ||    24
       Mephitic Cloud    |       |     3 ||     3
  Use: Scroll            |     1 |     1 ||     2
Armor: Robe              |     4 |     1 ||     5
Dodge: Dodged            |     3 |     5 ||     8

Table legend: (Time is in decaauts)
 A = Elapsed time spent in this place.
 B = Non-inter-level travel time spent in this place.
 C = Inter-level travel time spent in this place.
 D = Time resting spent in this place.
 E = Time spent auto-exploring this place.
 F = Levels seen in this place.
 G = Mean time per level.
                   A        B        C        D        E       F      G
               +--------+--------+--------+--------+--------+-----+--------+
         Total |   3720 |   3615 |    105 |    313 |   2969 |   3 | 1240.0 |
       Dungeon |   3720 |   3615 |    105 |    313 |   2969 |   3 | 1240.0 |
               +--------+--------+--------+--------+--------+-----+--------+

Top non-repeatable levels by time:
     D:1: 1537 daAuts
     D:2: 1419 daAuts
     D:3: 762 daAuts
